AoeStats
← dientee

Lombardia

508234940Analyzed
4v4 RM · 11d ago on Sep 21, 2026· 50m 39s· 8 players
Game mode
Random Map
Map size
Large (8 player)
Population
200
Speed
Normal
Resources
Standard
Victory
Conquest
Starting age
Dark Age
Ending age
Imperial Age
RankedLock teamsTeams togetherTeam positionsShared explorationLock speedFull tech treeHidden civsTurbo modeCheats
Victory
Defeat
🇷🇺 Jurchens · Russia
1127
+12
🇺🇸 Franks · United States
1063
+15
🇦🇷 Britons · Argentina
1047
+15
🇨🇳 Saracens · China
1033
+16
🇨🇳 Franks · China
1129
-19
🇹🇼 Cumans · Taiwan
1007
-13
🇦🇷 Burgundians · Argentina
1000
-13
🇨🇱 Persians · Chile
994
-13
Baylon
2:16 Loom
10:17 Feudal Age
12:24 Double-Bit Axe
16:58 Castle Age
19:21 Forging
26:23 Iron Casting
27:55 Scale Barding Armor
30:14 Wheelbarrow
29:39 Gold Mining
30:27 Chain Barding Armor
30:17 Husbandry
30:11 Stone Mining
33:48 Pikeman
34:29 Squires
34:14 Gambesons
34:14 Arson
37:15 Imperial Age
34:55 Scale Mail Armor
34:56 Padded Archer Armor
36:22 Chain Mail Armor
36:47 Gold Shaft Mining
37:21 Halberdier
38:36 Conscription
41:00 Elite Throwing Axeman
42:57 Plate Mail Armor
43:40 Blast Furnace
43:05 Cavalier
43:12 Cavalier
45:16 #83
46:21 Caravan
45:47 Paladin
49:54 Capped Ram
51:18 Ballistics
52:00 Chemistry
六六六
12:26 Feudal Age
16:32 Castle Age
14:29 Double-Bit Axe
14:25 Horse Collar
20:28 Fervor
23:12 Bow Saw
23:03 Heavy Plow
22:55 Stone Mining
22:56 Gold Mining
27:23 Loom
28:13 Wheelbarrow
27:23 Town Watch
30:33 Forging
30:28 Scale Barding Armor
33:39 Husbandry
33:49 Bloodlines
34:19 Iron Casting
34:04 Chain Barding Armor
38:17 Imperial Age
36:06 Hand Cart
35:51 Town Patrol
36:06 Hand Cart
35:51 Town Patrol
38:45 Caravan
39:15 Coinage
39:50 Plate Barding Armor
40:16 Blast Furnace
39:37 Conscription
39:55 Crop Rotation
41:17 Masonry
40:47 Treadmill Crane
41:13 Siege Engineers
41:03 Murder Holes
41:18 Fortified Wall
42:09 Chemistry
41:36 Town Patrol
40:57 Elite Steppe Lancer
42:20 Banking
42:00 Guilds
44:52 Two-Man Saw
46:43 Architecture
等你下钟
0:29 Loom
11:06 Feudal Age
11:52 Double-Bit Axe
11:49 Horse Collar
13:39 Wheelbarrow
14:40 Gold Mining
21:33 Castle Age
23:52 Stone Mining
23:54 Gold Mining
24:21 Bow Saw
24:42 Heavy Plow
25:47 Gold Shaft Mining
26:47 Hand Cart
29:50 Bloodlines
32:53 Imperial Age
31:44 Husbandry
33:16 Forging
33:13 Scale Barding Armor
34:21 Conscription
33:27 Elite Mameluke
35:20 Iron Casting
35:05 Chain Barding Armor
37:22 Bimaristan
38:28 Counterweights
39:16 Plate Barding Armor
40:06 Two-Man Saw
41:24 Caravan
41:55 Coinage
43:19 Blast Furnace
43:09 Banking
dientee
11:58 Feudal Age
16:04 Castle Age
14:18 Double-Bit Axe
14:51 Loom
16:21 Horse Collar
27:47 Bow Saw
27:53 Heavy Plow
29:49 Wheelbarrow
29:40 Town Watch
30:43 Fletching
31:04 Stone Mining
31:09 Gold Mining
31:54 Hand Cart
32:38 Gold Shaft Mining
32:06 Padded Archer Armor
33:06 Bodkin Arrow
33:28 Leather Archer Armor
33:19 Town Patrol
33:13 Pikeman
36:21 Ballistics
36:16 Forging
36:07 Scale Mail Armor
38:57 Imperial Age
37:37 Squires
37:22 Gambesons
38:41 Iron Casting
38:22 Chain Mail Armor
39:12 Masonry
38:52 Arson
39:34 Yeomen
40:57 Ring Archer Armor
40:28 Bracer
41:29 Blast Furnace
41:00 Plate Mail Armor
39:57 Elite Longbowman
41:02 Conscription
42:47 Warwolf
43:01 Halberdier
43:48 Scale Barding Armor
46:35 Chemistry
46:28 Sappers
47:38 Hoardings
XITRO
11:33 Feudal Age
16:39 Castle Age
14:44 Double-Bit Axe
14:53 Horse Collar
19:21 Wheelbarrow
20:33 Heavy Plow
22:59 Loom
25:03 Murder Holes
25:38 Gold Mining
27:22 Bow Saw
32:21 Imperial Age
30:56 Ballistics
30:47 Masonry
31:53 Fletching
33:11 Bodkin Arrow
35:12 Forging
36:15 Chemistry
37:01 Iron Casting
36:32 Scale Barding Armor
37:35 Two-Man Saw
36:48 Caravan
36:59 Man-at-Arms
37:25 Gambesons
37:52 Long Swordsman
39:37 Blast Furnace
40:13 Hand Cart
40:47 Stone Mining
43:15 Chain Barding Armor
42:56 Scale Mail Armor
43:29 Crop Rotation
43:42 Squires
43:27 Arson
44:35 Pikeman
45:53 Plate Barding Armor
45:19 Padded Archer Armor
45:34 Chain Mail Armor
45:17 Heavy Camel Rider
46:08 Bloodlines
46:01 Husbandry
46:01 Cavalier
Hank饅頭
10:46 Feudal Age
10:14 Loom
12:19 Double-Bit Axe
13:33 Bloodlines
13:10 Horse Collar
14:24 Forging
23:06 Castle Age
22:04 Gold Mining
23:58 Scale Barding Armor
24:28 Iron Casting
24:53 Bow Saw
24:48 Heavy Plow
25:56 Chain Barding Armor
29:33 Wheelbarrow
29:45 Gold Shaft Mining
39:34 Hand Cart
43:52 Imperial Age
47:04 Scale Mail Armor
48:04 Blast Furnace
46:28 Pikeman
47:08 Squires
46:54 Arson
47:28 Halberdier
49:06 Chain Mail Armor
jacky
4:29 Loom
7:19 Double-Bit Axe
8:25 Horse Collar
14:44 Feudal Age
19:08 Castle Age
17:52 Heavy Plow
19:37 Bow Saw
20:13 Wheelbarrow
24:52 Pikeman
29:39 Gold Mining
31:01 Crop Rotation
30:47 Stone Mining
31:33 Gold Shaft Mining
32:30 Hand Cart
36:12 Imperial Age
40:03 Forging
39:54 Scale Mail Armor
39:50 Halberdier
40:31 Squires
41:40 Capped Ram
370885147
0:28 Loom
11:36 Feudal Age
12:10 Double-Bit Axe
20:29 Castle Age
18:36 Stone Mining
21:21 Bow Saw
26:05 Wheelbarrow
27:21 Hand Cart
29:45 Gold Mining
31:56 Pikeman
32:37 Squires
32:22 Arson
33:08 Scale Mail Armor
33:20 Forging
34:19 Chain Mail Armor
33:56 Fletching
37:18 Imperial Age
34:34 Town Watch
36:42 Iron Casting
36:03 Bodkin Arrow
36:34 Ballistics
36:30 Gambesons
37:20 Fortified Wall
37:20 Masonry
37:20 Scale Barding Armor
37:22 Halberdier
38:37 Plate Mail Armor
39:07 Blast Furnace
38:28 Chain Barding Armor
38:31 Conscription
38:52 Caravan
39:23 Coinage
39:29 Chivalry
40:05 Hoardings
40:35 Chemistry
39:41 Siege Engineers
40:07 Architecture
39:34 Murder Holes
39:47 Padded Archer Armor
39:35 Cavalier
39:37 Light Cavalry
40:20 Husbandry
41:33 Paladin
42:55 Plate Barding Armor
42:35 Leather Archer Armor
45:45 Banking
Connection lost

Rejoining the realm…

Still unreachable

The connection could not be restored.

Session expired

The server has moved on; the page needs a fresh start.